General information
			
			
        
        - name: gfaq
 
        - type: Custom game
 
        - host: darkwasp
 
        - saver: Miles_Edgeworth
 
        
map: EchoIsles 
        - players: 3
 
        - length: 15:27
 
        - speed: Fast
 - version: 1.22 W3XP
 - replay type:  Public
 
» download(61 KB)
Players
        team 1 (loser) 
              
              
Lezowski (
red | 100 APM | 1544 actions | 15:25)
              
 3 Blademaster 
 2 Wind Walk
 1 Critical Strike
 
                » actions 
                
                | Assign group hotkey | 9 |  | 
| Basic commands | 65 |  | 
| Build / train | 43 |  | 
| ESC pressed | 1 |  | 
| Enter build submenu | 12 |  | 
| Enter hero's abilities submenu | 3 |  | 
| Right click | 1001 |  | 
| Select / deselect | 331 |  | 
| Select group hotkey | 15 |  | 
| Use ability | 64 |  | 
                1544 total
 » units 
                
                | Peon | 8 |  | 
| Grunt | 8 |  | 
| Forest Troll Shadow Priest | 1 |  | 
| Forest Troll Berserker | 1 |  | 
| Spirit Walker | 2 |  | 
| Raider | 3 |  | 
                23 total
 » upgrades
                
                | Melee Weapons | 1 |  | 
| Ensnare | 1 |  | 
| Berserker Strength | 1 |  | 
                3 total
 » buildings
                
                | Altar of Storms | 1 |  | 
| Orc Burrow | 4 |  | 
| Barracks | 1 |  | 
| Voodoo Lounge | 1 |  | 
| Stronghold | 1 |  | 
| War Mill | 1 |  | 
| Beastiary | 1 |  | 
| Spirit Lodge | 1 |  | 
                11 total
 » build order
                00:10 Altar of Storms
00:20 Orc Burrow
00:50 Barracks
01:33 Orc Burrow
01:56 Voodoo Lounge
03:57 Stronghold
04:19 Orc Burrow
04:53 War Mill
06:32 Beastiary
06:36 Spirit Lodge
08:33 Orc Burrow
» items
                
                | Healing Salve | 3 |  | 
| Lesser Clarity Potion | 1 |  | 
| Scroll of Speed | 1 |  | 
| Claws of Attack +9 | 1 |  | 
| Potion of Healing | 4 |  | 
| Potion of Mana | 2 |  | 
                12 total
  
               team 2 (winner) 
              
              
Miles_Edgeworth (
blue | 126 APM | 1950 actions | 15:27)
              
 5 Death Knight 
 3 Death Coil
 2 Unholy Aura
 3 Lich 
 2 Frost Nova
 1 Frost Armor
 
                » actions 
                
                | Assign group hotkey | 30 |  | 
| Basic commands | 186 |  | 
| Build / train | 43 |  | 
| ESC pressed | 9 |  | 
| Enter build submenu | 16 |  | 
| Enter hero's abilities submenu | 9 |  | 
| Give item / drop item | 5 |  | 
| Right click | 785 |  | 
| Select / deselect | 370 |  | 
| Select group hotkey | 418 |  | 
| Use ability | 79 |  | 
                1950 total
 » units 
                
                | Acolyte | 3 |  | 
| Ghoul | 4 |  | 
| Crypt Fiend | 8 |  | 
| Obsidian Statue | 2 |  | 
                17 total
 » upgrades
                
                | Creature Carapace | 1 |  | 
| Web | 1 |  | 
| Destroyer Form | 1 |  | 
                3 total
 » buildings
                
                | Graveyard | 1 |  | 
| Crypt | 1 |  | 
| Ziggurat | 6 |  | 
| Altar of Darkness | 1 |  | 
| Tomb of Relics | 1 |  | 
| Nerubian Tower | 1 |  | 
| Halls of the Dead | 2 |  | 
| Slaughterhouse | 1 |  | 
| Black Citadel | 1 |  | 
| Sacrificial Pit | 1 |  | 
| Spirit Tower | 1 |  | 
                17 total
 » build order
                00:06 Graveyard
00:10 Crypt
00:40 Ziggurat
01:03 Altar of Darkness
01:55 Tomb of Relics
02:13 Ziggurat
02:22 Nerubian Tower
04:19 Halls of the Dead
04:20 Halls of the Dead
04:35 Ziggurat
07:12 Ziggurat
08:55 Slaughterhouse
09:59 Black Citadel
12:06 Ziggurat
13:00 Ziggurat
14:00 Sacrificial Pit
15:09 Spirit Tower
» items
                
                | Rod of Necromancy | 2 |  | 
| Dust of Appearance | 2 |  | 
| Circlet of Nobility | 1 |  | 
| Potion of Healing | 2 |  | 
| Scroll of Town Portal | 1 |  | 
                8 total
  
               observersdarkwasp Chat log
          (00:24 / All) Miles_Edgeworth: you too
(15:14 / All) Lezowski: gg
(15:15 / All) Miles_Edgeworth: gg